Map: Blackpink LE

Players

PtitDrogo

  • Race: Protoss Protoss
  • Spawn Location: 1:00

Maru - Winner!

  • Race: Terran Terran
  • Spawn Location: 7:00

Event: IEM Season 12 - Katowice

VOD

Have the link to the VOD?

Description

Time

  • Played on: Feb. 26, 2018, 6:11 a.m.
  • Length: 9:16

All games in this series

Show
View Real Time Build Order
Export as new Build Order

PtitDrogo Protoss 

Build Orders: 1 Gate Expand, Colossus Rush 

Get SALT Encoding   

  12  0:00  Probe  
  13  0:12  Probe  
  14  0:19  Pylon  
  14  0:24  Probe  
  15  0:37  Probe (Chrono Boost)  
  15  0:39  Gateway  
  16  0:46  Probe (Chrono Boost)  
  16  0:47  Assimilator  
  17  0:51  Probe  
  18  1:04  Probe  
  19  1:16  Probe  
  20  1:23  Nexus  
  20  1:32  Cybernetics Core  
  20  1:35  Probe  
  21  1:40  Assimilator  
  21  1:47  Probe  
  21  1:49  Pylon  
  22  1:59  Probe  
  23  2:06  Adept (Chrono Boost)  
  25  2:09  Warp Gate  
  25  2:11  Probe  
  26  2:24  Probe (Chrono Boost), Robotics Facility  
  26  2:28  Adept  
  29  2:35  Probe (Chrono Boost)  
  29  2:36  Probe (Chrono Boost)  
  32  2:44  Probe (Chrono Boost)  
  32  2:45  Probe (Chrono Boost)  
  32  2:49  Probe (Chrono Boost)  
  32  2:50  Probe  
  35  3:01  Probe, Stalker  
  35  3:02  Probe  
  39  3:13  Probe  
  39  3:15  Probe  
  39  3:21  Gateway  
  39  3:23  Gateway  
  39  3:26  Pylon  
  39  3:28  Immortal (Chrono Boost)  
  39  3:34  Probe x2  
  45  3:40  Shield Battery  
  45  3:46  Probe x2  
  47  3:58  Probe x2  
  47  3:59  Observer (Chrono Boost)  
  47  4:00  Assimilator  
  47  4:01  Pylon, Assimilator  
  50  4:03  Pylon  
  50  4:10  Probe x2  
  50  4:16  Observer  
  53  4:22  Probe x2, Robotics Bay  
  53  4:23  Twilight Council  
  55  4:25  Forge  
  55  4:28  Pylon  
  55  4:31  Zealot  
  55  4:38  Zealot, Stalker  
  60  4:41  Pylon  
  60  4:53  Stalker  
  60  4:55  Warp Prism (Chrono Boost)  
  60  4:57  Blink (Chrono Boost)  
  64  5:00  Protoss Ground Weapons Level 1 (Chrono Boost)  
  64  5:17  Pylon  
  64  5:22  Colossus (Chrono Boost)  
  64  5:23  Gateway  
  64  5:26  Gateway  
  70  5:47  Sentry, Stalker  
  70  5:48  Sentry  
  76  5:52  Nexus  
  76  5:55  Pylon  
  76  5:58  Extended Thermal Lance  
  76  6:01  Probe x2  
  76  6:02  Pylon  
  78  6:10  Pylon  
  78  6:24  Stalker x5  
  88  6:31  Colossus (Chrono Boost)  
  84  6:36  Probe  
  91  6:46  Shield Battery  
  89  6:47  Probe  
  89  6:48  Pylon  
  89  6:49  Probe  
  88  6:54  Stalker x2  
  88  6:56  Stalker  
  80  7:06  Stalker x2  
  82  7:21  Probe x2, Protoss Ground Armor Level 1 (Chrono Boost)  
  90  7:28  Sentry  
  90  7:29  Zealot x2  
  96  7:30  Zealot  
  98  7:42  Zealot  
  92  7:53  Zealot x2  
  92  7:57  Zealot x2  
  92  8:05  Probe x2  
  90  8:07  Gateway  
  90  8:14  Stalker  
  90  8:15  Gateway  
  90  8:16  Zealot x2, Gateway  
  90  8:19  Probe  
  97  8:21  Zealot x2  
  97  8:22  Probe  
  98  8:30  Probe  
  93  8:36  Probe  
  93  8:38  Zealot x3  
  93  8:39  Probe  
  101  8:42  Probe  
  101  8:43  Pylon  
  101  8:44  Pylon  
  101  8:48  Shield Battery  
  102  8:52  Pylon  
  102  8:55  Templar Archives  
  102  9:01  Zealot x4  
  102  9:02  Zealot x2  
Show
View Real Time Build Order
Export as new Build Order

Maru Terran - Winner!

Build Orders: Gas First Reaper Expand, Reaper Expand, MMM Bio 

Get SALT Encoding   

  12  0:00  SCV  
  13  0:12  SCV  
  14  0:17  Supply Depot  
  14  0:25  SCV  
  15  0:29  Refinery  
  15  0:39  SCV  
  16  0:44  Barracks  
  16  0:51  SCV  
  17  1:03  SCV  
  18  1:15  SCV  
  19  1:31  Reaper, Orbital Command  
  20  1:44  Command Center  
  20  1:53  Factory  
  20  1:56  SCV  
  21  2:06  Barracks Reactor, Refinery  
  21  2:09  SCV  
  21  2:13  Supply Depot  
  22  2:21  SCV  
  23  2:35  SCV  
  24  2:45  Hellion x2  
  24  2:47  SCV  
  24  2:51  Barracks Tech Lab  
  29  2:55  Orbital Command  
  29  3:03  SCV  
  30  3:07  Cyclone x2  
  36  3:15  SCV  
  36  3:18  Marine  
  36  3:19  Stimpack  
  38  3:22  SCV  
  38  3:25  Supply Depot  
  39  3:27  SCV  
  39  3:33  Barracks  
  40  3:35  SCV  
  40  3:39  Marine  
  42  3:46  Barracks  
  42  3:47  SCV  
  43  3:49  Factory Reactor  
  43  3:50  SCV  
  44  3:59  SCV  
  44  4:00  Engineering Bay  
  45  4:04  SCV  
  45  4:05  Supply Depot  
  46  4:11  SCV  
  46  4:16  SCV  
  48  4:17  Marine  
  48  4:24  SCV  
  50  4:26  Terran Infantry Weapons Level 1  
  50  4:28  SCV  
  51  4:31  Starport  
  51  4:32  Supply Depot  
  51  4:35  Factory Reactor  
  51  4:36  SCV, Marine x3  
  55  4:38  Marine  
  55  4:40  SCV  
  57  4:45  Marine  
  57  4:47  Supply Depot  
  57  4:48  SCV  
  57  4:51  Missile Turret  
  57  4:54  Marine x3  
  57  4:56  SCV  
  57  4:59  Marine  
  62  5:03  SCV  
  62  5:04  Supply Depot  
  62  5:05  Marine  
  63  5:14  Barracks  
  63  5:20  Factory Reactor, Combat Shields  
  63  5:21  Medivac x2  
  67  5:22  Marine  
  67  5:25  Marine, Refinery  
  69  5:29  Supply Depot  
  69  5:31  SCV  
  70  5:44  Marine x4, Marauder  
  70  5:48  SCV x2  
  76  5:56  Command Center  
  76  6:02  Barracks Tech Lab  
  76  6:03  Medivac x2  
  80  6:07  SCV x2  
  80  6:08  Widow Mine  
  80  6:09  Widow Mine  
  86  6:11  Refinery  
  86  6:13  Marine x2  
  86  6:14  Marine  
  86  6:15  Supply Depot  
  86  6:17  Marauder  
  91  6:23  SCV x2  
  92  6:34  Marauder  
  92  6:36  Marine x3  
  92  6:39  Terran Infantry Armor Level 1, Marauder  
  99  6:40  Supply Depot  
  99  6:47  Supply Depot, Widow Mine  
  99  6:48  Barracks  
  99  6:53  Medivac  
  101  6:58  Marauder  
  102  7:01  Marine x2  
  102  7:07  Marine x2, Marauder  
  101  7:13  Widow Mine  
  101  7:19  Marine x2  
  101  7:20  Marauder  
  103  7:25  SCV x2, Orbital Command  
  103  7:29  Marauder  
  107  7:30  Medivac x2  
  107  7:32  Concussive Shells  
  111  7:40  SCV  
  111  7:42  Barracks Tech Lab  
  111  7:44  Marine x2, Marauder  
  112  7:50  Marauder  
  114  7:51  Marine  
  114  7:54  Widow Mine x2  
  118  7:59  SCV  
  118  8:01  Armory  
  111  8:06  Marauder  
  111  8:07  SCV x2  
  111  8:09  Marine, Marauder  
  111  8:11  SCV  
  119  8:19  Marine x2, Marauder  
  121  8:21  SCV x2  
  121  8:26  Supply Depot  
  123  8:27  Marauder  
  123  8:28  Engineering Bay  
  123  8:33  Marine x2, Marauder  
  124  8:37  Marine  
  124  8:41  Marauder  
  127  8:44  Supply Depot  
  127  8:45  SCV  
  128  8:48  Marauder  
  128  8:55  Marauder  
  132  8:57  Marine x2  
  140  9:04  Supply Depot x2  

Tags
 
Add a new tag
Caveats
  • Supply blocks, unpowered buildings, or Contaminate may cause inaccurate times.
  • Supply counts are checked every 10 seconds.